 Dungeon Crawl Stone Soup version 0.26.0-3-g156281e41b (webtiles) character file.

Game seed: 6569738880259278507

125 Gauvater the Chopper (level 4, -5/38 HPs)
             Began as a Minotaur Warper on Jan 9, 2021.
             Slain by an orc
             ... wielding a +0 flail
              (6 damage)
             ... on level 3 of the Dungeon.
             The game lasted 00:10:18 (2915 turns).

Gauvater the Chopper (Minotaur Warper)              Turns: 2915, Time: 00:10:19

Health: -5/38      AC:  5    Str: 16    XL:     4   Next: 82%
Magic:  5/5        EV: 16    Int: 11    God:
Gold:   185        SH:  0    Dex:  9    Spells: 4/6 levels left

rFire    . . .     SeeInvis .   a - +0 hand axe
rCold    . . .     Faith    .   (no shield)
rNeg     . . .     Spirit   .   b - +1 leather armour
rPois    .         Reflect  .   (helmet restricted)
rElec    .         Harm     .   o - +0 cloak
rCorr    .         Rampage  .   (no gloves)
Will     .....                  (no boots)
Stlth    +.........             (no amulet)
HPRegen  0.12/turn              (no ring)
MPRegen  0.09/turn              v - +4 ring of evasion

@: hasted, very quick
A: retaliatory headbutt, horns 2
a: no special abilities


You were on level 3 of the Dungeon.
You visited 1 branch of the dungeon, and saw 3 of its levels.

You collected 185 gold pieces.

Inventory:

Hand Weapons
 a - a +0 hand axe (weapon)
Missiles
 e - 5 boomerangs of dispersal (quivered)
 i - 51 bolts
 m - 77 arrows
 p - a throwing net
 s - 8 javelins
Armour
 b - a +1 leather armour (worn)
 o - a +0 cloak (worn)
Jewellery
 v - a +4 ring of evasion (right hand)
Scrolls
 d - a scroll of blinking
 f - 2 scrolls of remove curse
 h - a scroll of identify
 k - 2 scrolls of magic mapping
 l - 2 scrolls of enchant armour
 q - a scroll of fog {unknown}
Potions
 c - a potion of haste
 g - a potion of degeneration {unknown}
 j - a potion of magic {unknown}
 n - 2 potions of heal wounds {unknown}
 t - a potion of curing {unknown}
 u - 3 potions of might {unknown}
 w - a potion of brilliance {unknown}


   Skills:
 + Level 3.3 Fighting
 + Level 3.8 Axes
 + Level 1.0 Throwing
 + Level 2.1 Armour
 + Level 2.9 Dodging
 + Level 0.3 Stealth
 + Level 1.6 Spellcasting
 + Level 2.7 Translocations


You had 4 spell levels left.
You knew the following spells:

 Your Spells              Type           Power        Failure   Level
a - Blink                 Tloc           N/A          19%         2

Your spell library contained the following spells:

 Spells                   Type           Power        Failure   Level
 Gell's Gravitas          Tloc           3%           36%         3
 Lesser Beckoning         Tloc           3%           36%         3
 Teleport Other           Tloc           6%           36%         3
 Passage of Golubria      Tloc           N/A          77%         4


Dungeon Overview and Level Annotations

Branches:
Dungeon (3/15)

Altars:
Ashenzari
Uskayaw


Innate Abilities, Weirdness & Mutations

You reflexively headbutt those who attack you in melee.
You have a pair of horns on your head.


Message History

You see here a giant cockroach corpse.
You closely miss the orc. You headbutt the orc.
The orc is lightly wounded.
You hit the orc priest. The orc hits you but does no damage.
The orc priest misses you. You furiously retaliate!
You headbutt the orc priest, but do no damage.
You barely miss the orc priest. You headbutt the orc priest.
The orc priest is heavily wounded.
You hit the orc but do no damage. The orc hits you with a +0 flail.
* * * LOW HITPOINT WARNING * * *
The orc priest misses you.
You closely miss the orc priest.
The orc priest is heavily wounded.
You closely miss the orc. The orc hits you with a +0 flail!
* * * LOW HITPOINT WARNING * * *
The orc priest hits you with a +0 flail.
* * * LOW HITPOINT WARNING * * *
It was a potion of haste.
You feel yourself speed up. The orc hits you with a +0 flail.
You die...

########### #.....†...#
#..#.####.# #######
#.####?)#.# #......
#..#...$#.######.#####
#.###oo##.............
#.#..@..#....###.#####
#.'.#[#.#.##.# #.# #
#############..#.###.#####
#....# #...#.#.......)..
##.#.# #..<#.#.###.#####
#.#.#####...#.#.# #.#####
#.#.........#.#.# #.#....
#.######......#.###......
##......#..#.###>.........


You could see an orc priest and an orc.

Vanquished Creatures
  Robin (D:3)
  2 adders
  4 worms
  A leopard gecko (D:2)
  2 orcs (D:3)
  6 bats
  6 giant cockroaches
  18 goblins
  7 hobgoblins
  4 jackals (D:2)
  4 ball pythons
  2 frilled lizards (D:1)
  11 kobolds
  9 rats
77 creatures vanquished.

Notes
Turn   | Place    | Note
-------+----------+-------------------------------------------
     0 | D:1      | Gauvater the Minotaur Warper began the quest for the Orb.
     0 | D:1      | Reached XP level 1. HP: 18/18 MP: 1/1
   171 | D:1      | Reached XP level 2. HP: 17/25 MP: 3/3
   793 | D:2      | Found a hide-covered altar of Uskayaw.
   793 | D:2      | Noticed a +0 dagger
   794 | D:2      | Noticed a +0 dagger
   851 | D:2      | Learned a level 2 spell: Blink
   904 | D:2      | Reached XP level 3. HP: 12/30 MP: 4/4
  1901 | D:3      | Found a broken altar of Ashenzari.
  2049 | D:3      | Noticed Robin
  2067 | D:3      | Reached XP level 4. HP: 27/38 MP: 5/5
  2077 | D:3      | Killed Robin
  2914 | D:3      | HP: 1/38 [orc priest/+0 flail (2)]
  2915 | D:3      | Slain by an orc

Illustrated notes

Levels and vault maps discovered:
D:1:      dpeg_arrival_three_same_balls, layout_basic
D:2:      layout_basic, dancing_weapons_uskayaw
D:3:      minmay_wonky_spiral, layout_basic, overflow_temple_1_default,
          dk_vineyard_1, minivault_26, uniq_robin

Skill      XL: |  1  2  3  4 |
---------------+-------------+-----
Fighting       | 3 |  3.3
Axes           | 3 |  3.8
Armour         | 2 |  2.1
Throwing       | |  1.0
Dodging        | |  2.9
Stealth        | |  0.3
Spellcasting   | |  1.6
Translocations | |  2.7

Action                   |  1- 3 |  4- 6 || total
-------------------------+-------+-------++-------
Melee: Hand axe          |    98 |    75 ||   173
       Headbutt          |    11 |     7 ||    18
  Use: Potion            |     1 |     1 ||     2
       Scroll            |       |     4 ||     4
Armor: Leather armour    |    23 |    18 ||    41
Dodge: Dodged            |    70 |    55 ||   125
